 Dungeon Crawl Stone Soup version 0.19-a0-1021-g80cc50c (webtiles) character file.

267 Ihatecarrots00 the Skirmisher (level 6, -10/52 HPs)
             Began as a Centaur Fighter on July 27, 2016.
             Mangled by Nothus's ghost (11 damage)
             ... on level 4 of the Dungeon.
             The game lasted 00:11:00 (3611 turns).

Ihatecarrots00 the Skirmisher (Centaur Fighter)     Turns: 3611, Time: 00:11:01

Health: -10/52     AC: 10    Str: 21    XL:     6   Next: 0%
Magic:  6/6        EV:  4    Int:  7    God:
Gold:   95         SH: 12    Dex:  8    Spells: 0 memorised, 5 levels left

rFire  . . .     SeeInvis .     a - +1 trident
rCold  . . .     Gourm    .     x - +1 chain mail
rNeg   . . .     Faith    .     c - +0 shield
rPois  .         Spirit   .     (no helmet)
rElec  .         Dismiss  .     (no cloak)
rCorr  .         Reflect  +     q - +0 pair of gloves
SustAt .         Harm     .     (no barding)
MR     .....                    l - +3 amulet of reflection
Stlth  ..........               (no ring)
                                s - ring of wizardry

@: very quick, not resistant to hostile enchantments, extremely unstealthy
A: hooves 3, deformed body, speed 2, tough skin 3
a: no special abilities


You were on level 4 of the Dungeon.
You were full.

You visited 1 branch of the dungeon, and saw 4 of its levels.

You collected 95 gold pieces.

Inventory:

Hand Weapons
 a - a +1 trident (weapon)
Armour
 b - a +0 scale mail
 c - a +0 shield (worn)
 j - a +0 ring mail
 q - a +0 pair of gloves (worn)
 x - a +1 chain mail (worn)
Jewellery
 l - a +3 amulet of reflection (around neck)
 m - a cursed -3 ring of intelligence {unknown}
 s - a ring of wizardry (left hand)
Scrolls
 e - a scroll of identify
 g - 2 scrolls of teleportation
 i - 2 scrolls of remove curse
 u - a scroll of immolation
 v - a scroll of enchant weapon
Potions
 d - 2 potions of might
 o - a potion of brilliance {unknown}
 r - a potion of degeneration {unknown}
Comestibles
 f - 2 bread rations
 h - a meat ration
 w - a slice of pizza


   Skills:
 + Level 4.0 Fighting
 + Level 2.5 Polearms
 + Level 3.1 Armour
 + Level 1.5 Dodging
 + Level 3.1 Shields


You had 5 spell levels left.
You didn't know any spells.

Dungeon Overview and Level Annotations

Branches:
Dungeon (4/15)
 Temple: D:4-7

Altars:
Sif Muna
The Shining One

Annotations:
D:4 Nothus's ghost, amateur HOFi


Innate Abilities, Weirdness & Mutations

You have hooves in place of feet.
Armour fits poorly on your strangely shaped body.
You cover ground very quickly.
You have extremely tough skin. (AC +3)


Message History

Nothus's ghost is heavily damaged.
Nothus's ghost hits you!
* * * LOW HITPOINT WARNING * * *
You hit Nothus's ghost.
Nothus's ghost is heavily damaged.
You block Nothus's ghost's attack.
You puncture Nothus's ghost!
You kick Nothus's ghost, but do no damage.
Nothus's ghost is heavily damaged.
You block Nothus's ghost's attack.
You hit Nothus's ghost but do no damage.
You kick Nothus's ghost, but do no damage.
Nothus's ghost is heavily damaged.
You block Nothus's ghost's attack.
You closely miss Nothus's ghost.
Nothus's ghost is heavily damaged.
Nothus's ghost hits you!
* * * LOW HITPOINT WARNING * * *
Nothus's ghost hits you!
You die...

*,*,***,* #...# *.......
*,*,***,* #...# *#.....#
***,,,,,,,* #...########.#.#.#
,****,***** #.....,..........# ,*
*,* ########...#####..#.#.#..
,**##.###...........(............
,,,..............................
,*,*,,,*#.......W........>)......
,,**,,,,#####.##@..........#..#..
,,**,,,,* #.##...##.###......).
*,***,,,* #.##...##.# ##.#.....
**,***,** #.##...##.# #......#
**,,,,* #.##...##.######.#### *
****,* #.##...##.#.......#.. **
*,* #...........####..#.#
,*****,* *#....####..####.....
,,,,,,,* ####.#.##........#.....


You could see Nothus's ghost.

Vanquished Creatures
  An ogre (D:4)
  An orc wizard (D:4)
  A worker ant (D:4)
  A hound skeleton (D:4)
  A gnoll (D:1)
  An adder (D:4)
  2 oozes
  An adder zombie (D:3)
  4 worms (D:2)
  A dart slug (D:1)
  4 giant geckos
  3 orcs (D:4)
  4 bats
  2 giant cockroaches
  12 hobgoblins
  2 jackals (D:1)
  2 quokkas
  2 ball pythons
  A giant newt (D:1)
  9 goblins
  4 kobolds
  9 rats
68 creatures vanquished.

Notes
Turn   | Place    | Note
-------+----------+-------------------------------------------
     0 | D:1      | Ihatecarrots00 the Centaur Fighter began the quest for the Orb.
     0 | D:1      | Reached XP level 1. HP: 19/19 MP: 1/1
   315 | D:1      | Reached XP level 2. HP: 4/26 MP: 2/2
   643 | D:1      | Reached XP level 3. HP: 20/31 MP: 3/3
  1368 | D:2      | Found a deep blue altar of Sif Muna.
  1517 | D:2      | Reached XP level 4. HP: 12/39 MP: 4/4
  1520 | D:2      | Found a glowing golden altar of the Shining One.
  3094 | D:4      | Reached skill level 1 in Dodging
  3343 | D:4      | Noticed an ogre
  3353 | D:4      | Killed an ogre
  3353 | D:4      | Reached XP level 5. HP: 14/46 MP: 5/5
  3539 | D:4      | Reached skill level 4 in Fighting
  3579 | D:4      | Reached XP level 6. HP: 26/52 MP: 6/6
  3589 | D:4      | Noticed Nothus's ghost (amateur HOFi)
  3611 | D:4      | HP: 1/52 [Nothus's ghost (7)]
  3611 | D:4      | Mangled by Nothus's ghost

Vault maps used:
D:1:      saegor_arrival_simple_b
D:2:      lemuel_round_altar, nicolae_tso_carved_into_rock
D:3:      first_bread
D:4:      marbit_many_paths, serial_shops, shop

Skill      XL: |  1  2  3  4  5 |
---------------+----------------+-----
Polearms       | 2 |  2.5
Dodging        | 1 |  1.5
Armour         | 3 |  3.1
Shields        | 3 |  3.1
Fighting       | 4 |  4.0

Action                   |  1- 3 |  4- 6 || total
-------------------------+-------+-------++-------
Melee: Trident           |   115 |   170 ||   285
       Kick              |    27 |    52 ||    79
  Use: Scroll            |       |     8 ||     8
  Eat: Beef jerky        |     1 |       ||     1
       Meat ration       |       |     1 ||     1
       Bread ration      |       |     1 ||     1
Armor: Scale mail        |    75 |    45 ||   120
       Chain mail        |       |    29 ||    29
Dodge: Dodged            |    32 |    40 ||    72
Block: Shield            |    53 |   134 ||   187
